 Dungeon Crawl Stone Soup version 0.26-a0-597-gb535b0901c (webtiles) character file.

Game seed: 3176004581443998486

225 Apogee the Slinger (level 6, 6/41 HPs)
             Began as a Halfling Hunter on Sept 12, 2020.
             Quit the game on level 3 of the Dungeon.
             The game lasted 00:05:18 (3127 turns).

Apogee the Slinger (Halfling Hunter)                Turns: 3127, Time: 00:05:18

Health: 6/41       AC:  9    Str: 14 (15) XL:     6   Next: 21%
Magic:  6/6        EV: 12    Int:  8 (9)  God:
Gold:   129        SH:  0    Dex: 12 (15) Spells: 5/5 levels left

rFire    . . .     SeeInvis .   a - +1 hunting sling
rCold    . . .     Faith    .   (shield restricted)
rNeg     . . .     Spirit   .   m - +0 scale mail
rPois    .         Reflect  .   (no helmet)
rElec    .         Harm     .   l - +0 cloak
rCorr    .                      (no gloves)
MR       .....                  (no boots)
Stlth    ++........             (no amulet)
HPRegen  0.13/turn              (no ring)
MPRegen  0.10/turn              (no ring)

@: lethally poisoned (6 -> -5)
A: small, iridescent scales 1, camouflage 1, mutation resistance 1
a: no special abilities


You were on level 3 of the Dungeon.
You visited 1 branch of the dungeon, and saw 3 of its levels.

You collected 129 gold pieces.

Inventory:

Hand Weapons
 a - a +1 hunting sling (weapon)
 b - a +2 dagger of protection
   (You took it off a goblin on level 1 of the Dungeon)
 i - a +0 short sword
Missiles
 d - 20 sling bullets
 e - 5 stones (quivered)
Armour
 c - a +0 leather armour
 l - a +0 cloak (worn)
   (You found it on level 1 of the Dungeon)
 m - a +0 scale mail (worn)
   (You found it on level 2 of the Dungeon)
 q - a +0 pair of gloves
   (You found it on level 3 of the Dungeon)
Jewellery
 h - an uncursed ring of poison resistance {unknown}
   (You found it on level 1 of the Dungeon)
 p - an uncursed ring of resist corrosion
   (You took it off an orc wizard on level 3 of the Dungeon)
Wands
 t - a wand of flame (19)
   (You found it on level 3 of the Dungeon)
Scrolls
 g - 2 scrolls of identify {unknown}
 k - a scroll of remove curse {unknown}
 n - a scroll of enchant armour {unknown}
 o - a scroll of teleportation {unknown}


   Skills:
 + Level 2.9 Fighting
 * Level 8.1 Slings
 + Level 3.7 Dodging
 - Level 2.0 Stealth


You had 5 spell levels left.
You didn't know any spells.
Your spell library contained the following spells:

 Spells                   Type           Power        Failure   Level
 Confusing Touch          Hex            #.......     99%         3
 Gell's Gravitas          Tloc           #.........   99%         3
 Petrify                  Tmut/Erth      #.......     100%        4
 Metabolic Englaciation   Hex/Ice        #.........   100%        5
 Yara's Violent Unravell  Hex/Tmut       #.........   100%        5


Dungeon Overview and Level Annotations

Branches:
Dungeon (3/15)

Altars:
Ru
Wu Jian


Innate Abilities, Weirdness & Mutations

You are small and have problems with some larger weapons.
You are somewhat resistant to further mutation.
You are partially covered in iridescent scales. (AC +2)
Your skin changes colour to match your surroundings (Stealth+).


Message History

You kill the adder!
You feel sick. The goblin hits you with a +0 dagger.
You shoot a stone. The stone hits the adder.
The adder bites you. The goblin closely misses you.
The goblin barely misses you. x2
You shoot a stone. The stone closely misses the adder.
You feel sick. The adder closely misses you.
The goblin hits you but does no damage. The goblin misses you.
You are too injured to fight recklessly!
You are too injured to fight recklessly!
You are too injured to fight recklessly!
Unknown command.
You are too injured to fight recklessly!
Firing (i - inventory. (/) - cycle)
e - 8 stones (quivered)
Aim: an adder (lightly wounded)
You shoot a stone.
The stone hits the adder but does no damage.
The adder bites you but does no damage. The goblin hits you but does no damage.
The goblin closely misses you. The goblin hits you but does no damage.
The adder bites you.
* * * LOW HITPOINT WARNING * * *
Firing (i - inventory. (/) - cycle)
e - 7 stones (quivered)
Aim: an adder (lightly wounded)
You shoot a stone. The stone misses the adder.
The goblin no longer looks unusually strong.
The goblin hits you but does no damage. The adder bites you.
* * * LOW HITPOINT WARNING * * *
You are more poisoned.
The adder poisons you! The goblin barely misses you.
Firing (i - inventory. (/) - cycle)
e - 6 stones (quivered)
Aim: an adder (lightly wounded)
You shoot a stone. The stone hits the adder.
You feel sick. The goblin hits you with a +0 club.
* * * LOW HITPOINT WARNING * * *
The goblin barely misses you. The adder closely misses you.
It was a potion of mutation.
You feel extremely strange.
Iridescent scales grow over part of your body.
Your skin functions as natural camouflage.
You feel sick. The goblin misses you. The goblin hits you but does no damage.
The adder bites you.
* * * LOW HITPOINT WARNING * * *
You are more poisoned.
The adder poisons you! The goblin hits you but does no damage.
It was a potion of degeneration.
There was something very wrong with that liquid.
You feel weakened.
You feel dopey.
You feel clumsy.
* * * LOW HITPOINT WARNING * * *
You feel sick. The goblin closely misses you.
The adder bites you but does no damage. The goblin completely misses you.
The goblin hits you but does no damage.
Sorry, you're not good enough to have a special ability.

##### #.# #...#
....###.##...#
......#.#..#.#
..#...#...##.#
.###..#....#.# ##
#....##...### # ##)..##
#....### ###....##
##.#.gg# ##...#..##
#.###@#
....###..###..##gSg(.(..
....# ##..###.###(((....
.#### ##.###..# (.....(
.# #...##.# ...)..( .#
###..#.##....).( .#
##....#..(.... ##
##.#.######.( ##.#.####


You could see an adder, a hobgoblin and 3 goblins.

Vanquished Creatures
  2 orc wizards
  Robin (D:3)
  3 gnolls
  6 adders
  An adder zombie (D:1)
  2 dart slugs
  A leopard gecko (D:1)
  3 orcs
  A bat zombie (D:1)
  2 giant cockroaches
  11 goblins
  13 hobgoblins
  3 jackals (D:3)
  4 kobolds
  A quokka (D:2)
  6 bats
  6 frilled lizards
  4 rats (D:1)
70 creatures vanquished.

Notes
Turn   | Place    | Note
-------+----------+-------------------------------------------
     0 | D:1      | Apogee the Halfling Hunter began the quest for the Orb.
     0 | D:1      | Reached XP level 1. HP: 14/14 MP: 1/1
    19 | D:1      | Reached skill level 6 in Slings
   153 | D:1      | Reached XP level 2. HP: 19/19 MP: 2/2
   672 | D:1      | Reached XP level 3. HP: 24/24 MP: 3/3
  1522 | D:2      | Reached XP level 4. HP: 16/29 MP: 4/4
  1751 | D:2      | Reached skill level 7 in Slings
  2098 | D:2      | Found a sacrificial altar of Ru.
  2099 | D:2      | Found an ornate altar of the Wu Jian Council.
  2312 | D:2      | Reached XP level 5. HP: 10/35 MP: 5/5
  3052 | D:3      | Reached XP level 6. HP: 41/41 MP: 6/6
  3090 | D:3      | Reached skill level 8 in Slings
  3094 | D:3      | Noticed Robin
  3115 | D:3      | Killed Robin
  3125 | D:3      | Gained mutation: You are partially covered in iridescent
                  | scales. (AC +2) [potion of mutation]
  3125 | D:3      | Gained mutation: Your skin changes colour to match your
                  | surroundings (Stealth+). [potion of mutation]
  3127 | D:3      | Quit the game

Illustrated notes

Levels and vault maps discovered:
D:1:      saegor_arrival_fortress, layout_loops_corners
D:2:      layout_rooms, minitemple, chequers_arboretum, st_stairs_10,
          chequers_serial_rivers_micro_b
D:3:      layout_rooms, uniq_robin

Skill      XL: |  1  2  3  4  5  6 |
---------------+-------------------+-----
Slings         | 6 7 8 |  8.1
Fighting       | 2 |  2.9
Stealth        | 2 |  2.0
Dodging        | 3 |  3.7

Action                   |  1- 3 |  4- 6 || total
-------------------------+-------+-------++-------
Melee: Short sword       |    37 |       ||    37
       Dagger            |    38 |    17 ||    55
 Fire: Hunting sling     |    34 |   154 ||   188
Throw: Stone             |       |     2 ||     2
  Use: Potion            |       |     3 ||     3
 Stab: Sleeping          |     3 |       ||     3
Armor: Leather armour    |    13 |       ||    13
       Scale mail        |    14 |    45 ||    59
Dodge: Dodged            |    83 |    88 ||   171

Table legend: (Time is in decaauts)
 A = Elapsed time spent in this place.
 B = Non-inter-level travel time spent in this place.
 C = Inter-level travel time spent in this place.
 D = Time resting spent in this place.
 E = Time spent auto-exploring this place.
 F = Levels seen in this place.
 G = Mean time per level.
                   A        B        C        D        E       F      G
               +--------+--------+--------+--------+--------+-----+--------+
         Total |   3092 |   3032 |     60 |    278 |   2199 |   3 | 1030.7 |
       Dungeon |   3092 |   3032 |     60 |    278 |   2199 |   3 | 1030.7 |
               +--------+--------+--------+--------+--------+-----+--------+

Top non-repeatable levels by time:
     D:1: 1429 daAuts
     D:2: 1327 daAuts
     D:3: 335 daAuts
